 Dungeon Crawl Stone Soup version 0.25-a0-743-g84dc20635f (webtiles) character file.

Game seed: 11704043830321742763, levelgen mode: deterministic

116 Chiseanne the Magician (level 4, -8/30 HPs)
             Began as a Demonspawn Wizard on Apr 13, 2020.
             Mangled by an orc
             ... wielding a +0 mace
              (11 damage)
             ... on level 3 of the Dungeon.
             The game lasted 00:03:59 (2603 turns).

Chiseanne the Magician (Demonspawn Wizard)          Turns: 2603, Time: 00:03:59

Health: -8/30      AC:  5    Str:  7    XL:     4   Next: 69%
Magic:  2/10       EV: 12    Int: 20    God:
Gold:   96         SH:  0    Dex: 12    Spells: 8/11 levels left

rFire    . . .     SeeInvis .   a - +4 dagger
rCold    . . .     Gourm    .   (no shield)
rNeg     . . .     Faith    .   j - +0 robe
rPois    .         Spirit   .   b - +0 hat
rElec    .         Reflect  .   (no cloak)
rCorr    .         Harm     .   (no gloves)
MR       .....                  (no boots)
Stlth    +++.......             (no amulet)
HPRegen  0.10/turn              h - ring of stealth
MPRegen  0.12/turn              (no ring)

@: no status effects
A: icy blue scales 2
a: no special abilities


You were on level 3 of the Dungeon.
You were not hungry.

You visited 1 branch of the dungeon, and saw 3 of its levels.

You collected 96 gold pieces.

Inventory:

Hand Weapons
 a - a +4 dagger (weapon)
 k - a +1 spear of flaming
Missiles
 c - 50 stones (quivered)
 f - 10 sling bullets
 o - 33 bolts
Armour
 b - a +0 hat (worn)
 j - a +0 robe (worn)
Jewellery
 h - a ring of stealth (left hand)
 p - an uncursed ring of protection from cold {unknown}
 s - a +2 ring of strength {unknown}
Scrolls
 g - a scroll of enchant weapon
 i - 2 scrolls of remove curse
Potions
 e - a potion of mutation {unknown}
 l - a potion of cancellation {unknown}
 m - a potion of flight {unknown}
 n - a potion of haste {unknown}
 r - a potion of brilliance {unknown}
Comestibles
 d - 6 rations


   Skills:
 - Level 1.7 Dodging
 - Level 1.7 Stealth
 * Level 4.2 Spellcasting
 * Level 3.2 Conjurations
   Level 1.0 Summonings
 - Level 0.8 Translocations


You had 8 spell levels left.
You knew the following spells:

 Your Spells              Type           Power        Failure   Level  Hunger
a - Magic Dart            Conj           ###.         3%          1    None
b - Blink                 Tloc           N/A          14%         2    #......

Your spell library contained the following spells:

 Spells                   Type           Power        Failure   Level  Hunger
 Call Imp                 Summ           #.......     13%         2    #......
 Slow                     Hex            #.......     19%         2    #......
 Conjure Flame            Conj/Fire      ##......     19%         3    ###....
 Mephitic Cloud           Conj/Pois/Air  #.......     24%         3    ###....


Dungeon Overview and Level Annotations

Branches:
Dungeon (3/15)

Altars:
Kikubaaqudgha
Nemelex Xobeh
The Shining One


Innate Abilities, Weirdness & Mutations

You are mostly covered in icy blue scales. (AC +3)


Message History

You aren't carrying any items that you can evoke.
Unknown command.
The giant cockroach bites you but does no damage.
The orc priest hits you with a +0 short sword.
* * * LOW HITPOINT WARNING * * *
You barely miss the orc priest.
The orc priest is severely wounded.
The giant cockroach bites you but does no damage.
The orc priest closely misses you. The giant cockroach barely misses you.
You barely miss the orc priest.
The orc priest is severely wounded.
The giant cockroach closely misses you. The orc priest closely misses you.
The orc barely misses you.
You hit the orc priest but do no damage.
The orc priest is severely wounded.
The giant cockroach bites you but does no damage.
The orc priest hits you with a +0 short sword.
* * * LOW HITPOINT WARNING * * *
The orc hits you with a +0 mace!
You die...

### ###### ...# #....#
####...## #....#
#.....?.#
##....#######....)..#
#....o'...........†..
##...@o#######.......#
#....s.# #.......#
#...#### #.......#
#†..# ######### #...#
#...# #...# #...#
##.##


You could see an orc priest, an orc and a giant cockroach.

Vanquished Creatures
  A hound (D:3)
  2 adders (D:2)
  An ooze (D:2)
  A dart slug (D:2)
  A leopard gecko (D:1)
  5 orcs (D:3)
  2 ball pythons
  6 bats
  3 bat skeletons (D:2)
  A bat zombie (D:2)
  A giant cockroach (D:2)
  6 hobgoblins
  A quokka (D:3)
  3 frilled lizards (D:1)
  7 goblins
  3 kobolds (D:1)
  10 rats
54 creatures vanquished.

Notes
Turn   | Place    | Note
-------+----------+-------------------------------------------
     0 | D:1      | Chiseanne the Demonspawn Wizard began the quest for the
                  | Orb.
     0 | D:1      | Reached XP level 1. HP: 13/13 MP: 4/4
   349 | D:1      | Gained mutation: You are partially covered in icy blue
                  | scales. (AC +2) [demonic ancestry]
   349 | D:1      | Reached XP level 2. HP: 19/19 MP: 1/6
   662 | D:1      | Found a sparkling altar of Nemelex Xobeh.
   943 | D:1      | Learned a level 2 spell: Blink
  1291 | D:2      | Gained mutation: You are mostly covered in icy blue scales.
                  | (AC +3) [demonic ancestry]
  1291 | D:2      | Reached XP level 3. HP: 21/24 MP: 0/8
  1373 | D:2      | Found an ancient bone altar of Kikubaaqudgha.
  1845 | D:2      | Found a glowing golden altar of the Shining One.
  2264 | D:3      | Reached XP level 4. HP: 30/30 MP: 4/9
  2272 | D:3      | Reached skill level 4 in Spellcasting
  2603 | D:3      | Mangled by an orc

Levels and vault maps discovered:
D:1:      matt_arrival_spirals, layout_rooms, nemelex_diamond_rough_becter
D:2:      layout_loops_cross, tso_oasis_becter, kennysheep_vampire_church
D:3:      layout_basic, minitemple, first_ration, grunt_ministairs_8

Skill      XL: |  1  2  3  4 |
---------------+-------------+-----
Conjurations   | 2 3 |  3.2
Spellcasting   | 4 |  4.2
Dodging        | |  1.7
Stealth        | |  1.7
Summonings     | |  1.0
Translocations | |  0.8

Action                   |  1- 3 |  4- 6 || total
-------------------------+-------+-------++-------
Melee: Unarmed           |     3 |       ||     3
       Dagger            |    11 |    36 ||    47
       Club              |     1 |       ||     1
 Cast: Magic Dart        |   102 |    24 ||   126
  Use: Scroll            |     7 |       ||     7
  Eat: Chunk             |     4 |     1 ||     5
Armor: Robe              |    24 |    11 ||    35
Dodge: Dodged            |    28 |    24 ||    52

Table legend:
 A = Non-vault XP
 B = Vault XP
 C = Vault XP percentage of total XP
 D = Non-vault monster count
 E = Vault monster count
 F = Vault count percentage of total count
                 A         B        C        D         E       F
            +---------+---------+-------+---------+---------+-------
      Total |     158 |       8 |   4.8 |      50 |       4 |   7.4
            +---------+---------+-------+---------+---------+-------
        D:1 |      27 |       0 |   0.0 |      19 |       0 |   0.0
        D:2 |      57 |       8 |  12.3 |      16 |       4 |  20.0
        D:3 |      74 |       0 |   0.0 |      15 |       0 |   0.0
            +---------+---------+-------+---------+---------+-------
